 Dungeon Crawl Stone Soup version 0.31-a0-1406-g2bdb5a6 (webtiles) character file.

Game seed: 4254363823118683569

1507 edsrzf the Destroyer (level 8, -9/45 (46) HPs)
             Began as an Octopode Hedge Wizard on Dec 20, 2023.
             Was a Follower of Vehumet.
             Killed themself with a badly aimed iceblast (16 damage)
             ... on level 8 of the Dungeon on Dec 25, 2023.
             The game lasted 00:21:26 (6852 turns).

edsrzf the Destroyer (Octopode Hedge Wizard)        Turns: 6852, Time: 00:21:26

HP:   -9/45 (46)    AC:  1    Str: 10    XL:     8   Next: 82%
MP:   2/12          EV: 18    Int: 18    God:    Vehumet [*.....]
Gold: 294           SH:  0    Dex: 17    Spells: 4/13 levels left

rFire   + . .        a - +3 dagger
rCold   . . .        (no shield)
rNeg    + . .        b - +0 hat
rPois   .            h - amulet of faith {!P}
rElec   .            i - +6 ring of dexterity
rCorr   .            l - +5 ring of evasion
SInv    .            o - ring of protection from fire
Will    .....        r - ring of positive energy
Stlth   +++          (no ring)
HPRegen 0.27/turn    (no ring)
MPRegen 0.13/turn    (no ring)
                     (no ring)

%: faith
@: lethally poisoned (-9 -> -17), lightly drained
A: almost no armour, amphibious, 8 rings, camouflage 1, gelatinous body 1,
(nimble swimmer 1), tentacles
a: Renounce Religion


You were on level 8 of the Dungeon.
You worshipped Vehumet.
Vehumet was aware of your devotion.
You visited 1 branch of the dungeon, and saw 8 of its levels.

You collected 294 gold pieces.

Inventory:

Hand Weapons
 a - a +3 dagger (weapon)
Missiles
 e - 7 poisoned darts
 q - 2 curare-tipped darts
 v - 4 atropa-tipped darts
Armour
 b - a +0 hat (worn)
Jewellery
 h - an amulet of faith (around mantle) {!P}
 i - a +6 ring of dexterity (left tentacle)
 l - a +5 ring of evasion (right tentacle)
 o - a ring of protection from fire (on tentacle)
 r - a ring of positive energy (on tentacle)
 x - an amulet of regeneration
Wands
 u - a wand of iceblast (11)
Scrolls
 d - a scroll of blinking {unknown}
 g - 2 scrolls of identify {@r1}
 p - 3 scrolls of enchant weapon {unknown}
 s - 2 scrolls of teleportation {@r3}
 t - 2 scrolls of enchant armour {unknown}
Potions
 c - a potion of magic
 j - a potion of ambrosia
 m - a potion of brilliance
 n - a potion of resistance
 w - a potion of attraction {unknown}
 z - 2 potions of mutation {unknown}
 A - a potion of might {unknown}


   Skills:
 - Level 2.0 Dodging
 - Level 2.6 Stealth
 - Level 3.0 Spellcasting
 - Level 9.2 Conjurations
 + Level 3.6 Hexes
 - Level 1.0 Summonings
 + Level 3.6 Necromancy
 - Level 1.0 Translocations


You had 4 spell levels left.
You knew the following spells:

 Your Spells              Type           Power      Damage    Failure   Level
a - Kiss of Death         Conj/Necr      100%       2d13      1%          1
d - Tukima's Dance        Hex            15%        N/A       11%         3
s - Slow                  Hex            60%        N/A       3%          1
C - Mephitic Cloud        Conj/Alch/Air  13%        N/A       14%         3
X - Magic Dart            Conj           100%       1d8       1%          1

Your spell library contained the following spells:

 Spells                   Type           Power      Damage    Failure   Level
 Shock                    Conj/Air       76%        1d7       2%          1
 Hailstorm                Conj/Ice       19%        3d7       8%          3
 Confusing Touch          Hex            15%        N/A       11%         3
 Freeze                   Ice            8%         1d3       16%         1
 Blink                    Tloc           12%        N/A       16%         2
 Call Imp                 Summ           12%        N/A       16%         2
 Cigotuvi's Dreadful Rot  Necr/Alch/Air  14%        N/A       16%         2
 Iskenderun's Mystic Bla  Conj/Tloc      21%        2d6       21%         4
 Inner Flame              Hex/Fire       9%         N/A       24%         3
 Dispel Undead            Necr           15%        3d10      36%         4
 Frozen Ramparts          Ice            4%         1d1       43%         3
 Dimensional Bullseye     Hex/Tloc       5%         N/A       54%         4
 Leda's Liquefaction      Alch/Erth      1%         N/A       85%         4
 Irradiate                Conj/Alch      9%         3d14      56%         5
 Summon Forest            Summ/Tloc      3%         N/A       96%         5
 Ignition                 Fire           1%         3d3       100%        8


Dungeon Overview and Level Annotations

Branches:
Dungeon (8/15)             Temple (0/1) D:6
   Lair: D:8-11

Altars:
Qazlal
Ru
Sif Muna
Vehumet
Zin

Shops:
D:4 :   D:7 [

Annotations:
D:3 exclusion: water moccasin
D:4 Sigmund
D:6 2 transporters, Jeremiah; qazz's ghost, novice MfSu


Innate Abilities, Weirdness & Mutations

You cannot wear most types of armour.
You are amphibious.
You can wear up to eight rings at the same time.
Your skin changes colour to match your surroundings (Stealth+).
Your rubbery body absorbs attacks. (AC +1, EV +1)
((You are camouflaged when in or above water. (Stealth+)))
You have tentacles for arms and can constrict up to eight enemies at once.


Message History

An orc wizard is nearby!
The orc shouts!
You hear a shout!
The orc wizard gestures at you while chanting.
You are confused.
You are too confused!
The orc wizard points at you and mumbles some strange words.
The magic dart hits you!
You hit the orc wizard but do no damage.
You squeeze the orc wizard, but do no damage.
Something hits you.
You are poisoned.
You miss the orc wizard.
You feel sick. Something hits you.
You are more poisoned.
The orc wizard barely misses you. The orc hits you with a +0 club.
You feel less confused.
You feel very sick.
A magic dart appears from out of thin air!
The magic dart hits you.
You feel better.
You hit the orc. You grab the orc.
The orc is heavily wounded.
You constrict the orc, but do no damage.
The orc hits you with a +0 club.
You hit the orc. You squeeze the orc.
You kill the orc!
Vehumet accepts your kill.
You feel your power returning.
The orc wizard mumbles some strange words.
The orc wizard flickers and vanishes!
Casting: Magic Dart (safe; 1% risk of failure)
Confirm with . or Enter, or press ? or * to list all spells.
Aiming: Mephitic Cloud (dangerous; 14% risk of failure)
Press: ? - help, Shift-Dir - straight line, f - orc
Aim: an orc, wielding a +0 hand axe (chance to affect: 96%)
You miscast Mephitic Cloud.
You are very lightly contaminated with residual magic.
Nothing appears to happen.
Casting: Mephitic Cloud (dangerous; 14% risk of failure)
Confirm with . or Enter, or press ? or * to list all spells.
Aiming: Mephitic Cloud (dangerous; 14% risk of failure)
Press: ? - help, Shift-Dir - straight line, p - orc The ball explodes into a vile cloud!
The stinking cloud engulfs something.
The stinking cloud engulfs the orc.
You hear a shout!
Something hits you.
You are poisoned.
The orc is engulfed in noxious fumes.
You miss something.
You feel very sick. Something barely misses you.
You feel better. Something hits you.
Casting: Mephitic Cloud (dangerous; 14% risk of failure)
Confirm with . or Enter, or press ? or * to list all spells.
Aiming: Magic Dart (safe; 1% risk of failure)
Press: ? - help, Shift-Dir - straight line You hear some strange, mumbled words.
A magic dart appears from out of thin air!
The magic dart hits you!
* * * LOW HITPOINT WARNING * * *
Something hits you.
* * * LOW HITPOINT WARNING * * *
Casting: Magic Dart (safe; 1% risk of failure)
Confirm with . or Enter, or press ? or * to list all spells.
Okay, then.
You feel much better. Something hits you. x2
Casting: Magic Dart (safe; 1% risk of failure)
Confirm with . or Enter, or press ? or * to list all spells.
Okay, then.
Casting: Magic Dart (safe; 1% risk of failure)
Confirm with . or Enter, or press ? or * to list all spells.
Aiming: Mephitic Cloud (dangerous; 14% risk of failure)
Press: ? - help, Shift-Dir - straight line The ball explodes into a vile cloud!
The stinking cloud engulfs something.
Something hits you. x2
Unknown command.
Unknown command.
You hit something. Something hits you but does no damage.
You are poisoned.
Something hits you.
* * * LOW HITPOINT WARNING * * *
Your magical contamination has completely faded away.
You feel better. Something hits you.
You are poisoned.
Something closely misses you.
You hit something but do no damage.
You feel sick. Something hits you.
* * * LOW HITPOINT WARNING * * *
You are lethally poisoned!
Something screams, "I'll kill you anyway!"
You feel better. Something hits you!
* * * LOW HITPOINT WARNING * * *
You are lethally poisoned!
Something barely misses you.
Okay, then.
Okay, then.
Okay, then.
Aiming: Iceblast
Press: ? - help, Shift-Dir - straight line The mass of ice explodes!
The iceblast engulfs something!
The iceblast engulfs you!
You die...

.... ...#### .....
##... .###
....)##... ..... .
....)....##.....
.......o........ #
#o.○....... .#
###o....... ..
##).☼...... #
#@{☼....... ##
##§☼..............
#..§○...... ......
#......#### ......
#......#####.....#
#.....###.... #...
###...#....####..#
#..........#...#
##.#######..##..


You could see an orc.

Vanquished Creatures
  2 water moccasins
  2 sky beasts (D:7)
  A phantom (D:7)
  A bullfrog (D:7)
  3 scorpions
  2 howler monkeys
  3 hounds
  A jelly (D:5)
  2 orc priests
  Ijyb (D:5)
  3 iguanas (D:6)
  A gnoll bouda (D:7)
  A sleepcap (D:6)
  3 orc wizards
  7 gnolls
  6 adders
  A shadow imp (D:5)
  A white imp (D:5)
  4 ufetubi
  A worm (D:4)
  8 dart slugs
  24 orcs
  7 bats
  7 endoplasms
  2 giant cockroaches (D:2)
  10 goblins
  6 hobgoblins
  4 jackals
  6 kobolds
  7 quokkas
  6 ball pythons
  3 rats
136 creatures vanquished.

Notes
Turn   | Place    | Note
-------+----------+-------------------------------------------
     0 | D:1      | edsrzf the Octopode Hedge Wizard began the quest for the
                  | Orb.
     0 | D:1      | Reached XP level 1. HP: 11/11 MP: 4/4
   208 | D:1      | Reached skill level 2 in Conjurations
   208 | D:1      | Reached XP level 2. HP: 17/17 MP: 4/6
   904 | D:1      | Reached XP level 3. HP: 21/21 MP: 7/7
  1118 | D:2      | Reached skill level 3 in Conjurations
  1577 | D:2      | Reached XP level 4. HP: 22/27 MP: 8/8
  1770 | D:2      | Reached skill level 4 in Conjurations
  1852 | D:2      | Found a faded altar of an unknown god.
  1910 | D:2      | Identified 2 potions of brilliance
  1911 | D:2      | Identified 2 potions of resistance
  1912 | D:2      | Identified a potion of heal wounds
  2012 | D:2      | Reached XP level 5. HP: 31/31 MP: 7/9
  2256 | D:2      | Identified the +1 pair of gloves of Izxergheu {rF+ rN+
                  | rCorr Int-3}
  2721 | D:3      | Noticed a water moccasin
  2733 | D:3      | Noticed an ice beast
  2749 | D:3      | Identified 2 scrolls of identify
  2749 | D:3      | Identified a potion of haste
  2750 | D:3      | Identified a scroll of teleportation
  2884 | D:3      | Reached skill level 5 in Conjurations
  3104 | D:4      | Reached skill level 6 in Conjurations
  3104 | D:4      | Reached XP level 6. HP: 36/36 MP: 5/10
  3475 | D:4      | Identified the +3 leather armour of Plasticity {Harm rElec
                  | Regen+ SInv}
  3481 | D:4      | Identified a potion of ambrosia
  3482 | D:4      | Identified 2 potions of curing
  3575 | D:4      | Found Saream's Tiny Tomes.
  3697 | D:4      | Noticed Sigmund
  3930 | D:5      | Entered Level 5 of the Dungeon
  4152 | D:5      | Reached skill level 7 in Conjurations
  4152 | D:5      | Reached XP level 7. HP: 20/41 MP: 1/11
  4426 | D:5      | Found a radiant altar of Vehumet.
  4428 | D:5      | Got the Directory of the Assistive Gift
  4463 | D:5      | Reached skill level 8 in Conjurations
  4540 | D:5      | Found a stormy altar of Qazlal.
  4544 | D:5      | Found a sacrificial altar of Ru.
  4568 | D:5      | Found a glowing silver altar of Zin.
  4576 | D:5      | Became a worshipper of Vehumet
  4608 | D:5      | Noticed Ijyb
  4620 | D:5      | Killed Ijyb
  5063 | D:6      | Found a staircase to the Ecumenical Temple.
  5245 | D:6      | Found a transporter.
  5249 | D:6      | Noticed qazz's ghost (novice MfSu)
  5249 | D:6      | Noticed a cyclops
  5268 | D:6      | Found a transporter.
  5292 | D:6      | Reached XP level 8. HP: 31/46 MP: 3/12
  5314 | D:6      | Reached skill level 9 in Conjurations
  5334 | D:6      | Noticed Jeremiah
  5556 | D:7      | Found Vaixkemumn's Antique Armour Shop.
  5557 | D:7      | Upgraded the game from 0.31-a0-1327-g8c40ea9 to
                  | 0.31-a0-1403-gd128f73
  5557 | D:7      | Upgraded the game from 0.31-a0-1403-gd128f73 to
                  | 0.31-a0-1406-g2bdb5a6
  5557 | D:7      | Noticed a troll
  5587 | D:7      | Learned a level 1 spell: Kiss of Death
  5591 | D:7      | Learned a level 3 spell: Mephitic Cloud
  5595 | D:7      | Learned a level 3 spell: Tukima's Dance
  5597 | D:7      | Learned a level 1 spell: Slow
  5693 | D:7      | Reached skill level 1 in Hexes
  5693 | D:7      | Reached skill level 1 in Necromancy
  5793 | D:7      | Reached * piety under Vehumet
  5793 | D:7      | Offered knowledge of Shock by Vehumet.
  6080 | D:7      | Reached skill level 2 in Hexes
  6080 | D:7      | Reached skill level 2 in Necromancy
  6230 | D:7      | Reached skill level 3 in Hexes
  6450 | D:7      | Reached skill level 3 in Necromancy
  6755 | D:8      | Found a shimmering blue altar of Sif Muna.
  6852 | D:8      | Killed themself with a badly aimed iceblast

Illustrated notes

Levels and vault maps discovered:
D:1:      minmay_arrival_stone_box, layout_basic, serial_glass, glass_columns_a,
          glass_columns_c, minmay_strange_pillars, feat_on_display,
          feat_on_display, due_unseen_surprise, minmay_hedge_maze
D:2:      layout_basic, serial_forest, infiniplex_forest_end_1,
          infiniplex_forest_clump_curved, infiniplex_forest_clump_long,
          infiniplex_forest_clump_tiny, infiniplex_forest_end_2,
          infiniplex_forest_pool, infiniplex_forest_straight_2,
          infiniplex_forest_clump_double, dreamdust_ecumenical_altar_statues,
          st_stairs_3
D:3:      kennysheep_slugbush, layout_rooms, uniq_natasha
D:4:      layout_basic, nicolae_shop_i_like_small_books_too, uniq_sigmund
D:5:      layout_rooms, mainiacjoe_overflow_catwalk_spiral, minitemple,
          uniq_ijyb
D:6:      layout_rooms, lemuel_temple_firewalk_b, gammafunk_ghost_arena,
          minmay_stone_trees_medium, uniq_jeremiah
D:7:      layout_cave_pools, nicolae_take_the_stairs
D:8:      layout_cave_pools, amcnicky_altar_gilded

Skill      XL: |  1  2  3  4  5  6  7  8 |
---------------+-------------------------+-----
Conjurations   | 2 3 4 6 7 8 9 |  9.2
Hexes          | 3 |  3.6
Necromancy     | 3 |  3.6
Dodging        | |  2.0
Stealth        | |  2.6
Spellcasting   | |  3.0
Summonings     | |  1.0
Translocations | |  1.0

Action                     |  1- 3 |  4- 6 |  7- 9 || total
---------------------------+-------+-------+-------++-------
  Melee: Dagger            |    25 |    89 |   105 ||   219
         Constrict         |     6 |    23 |    19 ||    48
         Tentacles         |     5 |    22 |    32 ||    59
         Punch             |       |     2 |     1 ||     3
   Cast: Magic Dart        |    53 |    75 |   126 ||   254
         Mephitic Cloud    |       |       |     2 ||     2
         Kiss of Death     |       |       |     2 ||     2
    Use: Potion            |       |     4 |     5 ||     9
         Scroll            |       |     4 |       ||     4
   Stab: Sleeping          |     6 |     8 |     2 ||    16
 Armour: Skin              |     6 |    33 |    62 ||   101
  Dodge: Dodged            |    17 |    96 |    92 ||   205

Table legend: (Time is in decaauts)
 A = Elapsed time spent in this place.
 B = Non-inter-level travel time spent in this place.
 C = Inter-level travel time spent in this place.
 D = Time resting spent in this place.
 E = Time spent auto-exploring this place.
 F = Levels seen in this place.
 G = Mean time per level.
                   A        B        C        D        E       F      G
               +--------+--------+--------+--------+--------+-----+--------+
         Total |   6829 |   6546 |    283 |    970 |   4244 |   8 |  853.6 |
       Dungeon |   6829 |   6546 |    283 |    970 |   4244 |   8 |  853.6 |
               +--------+--------+--------+--------+--------+-----+--------+

Top non-repeatable levels by time:
     D:2: 1645 daAuts
     D:7: 1125 daAuts
     D:1: 1058 daAuts
     D:4: 1002 daAuts
     D:5: 938 daAuts
     D:6: 698 daAuts
     D:3: 203 daAuts
     D:8: 158 daAuts
